 Dungeon Crawl Stone Soup version 0.28.0-49-g6dfe1f597d (webtiles) character file.

Game seed: 1632918820628439627

723 Cykl0x the Digger (level 7, -7/37 HPs)
             Began as a Gargoyle Earth Elementalist on May 17, 2022.
             Mangled by a steam dragon (9 damage)
             ... on level 5 of the Dungeon.
             The game lasted 00:07:25 (5850 turns).

Cykl0x the Digger (Gargoyle Earth Elementalist)     Turns: 5850, Time: 00:07:25

Health: -7/37      AC:  7    Str: 11    XL:     7   Next: 71%
Magic:  2/14       EV: 12    Int: 18    God:
Gold:   374        SH:  0    Dex: 10    Spells: 11/15 levels left

rFire   . . .      SeeInvis .   r - +0 quarterstaff
rCold   . . .      Faith    .   (shield currently unavailable)
rNeg    + . .      Spirit   .   b - +0 robe
rPois   ∞          Reflect  .   (no helmet)
rElec   +          Harm     .   (no cloak)
rCorr   .          Rampage  .   n - +0 pair of gloves
Will    .....                   (no boots)
Stlth   ++........              (no amulet)
HPRegen 0.12/turn               (no ring)
MPRegen 0.14/turn               (no ring)

@: no status effects
A: sickness immunity, AC +4, negative energy resistance 1, electricity
resistance, torment resistance 1, petrification resistance
a: no special abilities


You were on level 5 of the Dungeon.
You visited 1 branch of the dungeon, and saw 5 of its levels.

You collected 374 gold pieces.

Inventory:

Hand Weapons
 g - a +0 club
 h - a +0 whip
 k - a +0 mace
 r - a +0 quarterstaff (weapon)
Armour
 b - a +0 robe (worn)
 e - a +0 leather armour
 n - a +0 pair of gloves (worn)
Jewellery
 j - a ring of ice
Wands
 m - a wand of acid (10)
Scrolls
 i - a scroll of fog
 o - a scroll of teleportation
Potions
 a - a potion of haste
 d - 2 potions of heal wounds
 f - a potion of cancellation
 l - a potion of berserk rage
 p - a potion of brilliance {unknown}
 q - a potion of degeneration {unknown}


   Skills:
 + Level 0.5 Fighting
 + Level 1.3 Maces & Flails
 + Level 2.3 Dodging
 - Level 2.1 Stealth
 + Level 0.2 Unarmed Combat
 + Level 4.7 Spellcasting
 * Level 4.1 Conjurations
 - Level 0.7 Transmutations
 + Level 6.4 Earth Magic


You had 11 spell levels left.
You knew the following spells:

 Your Spells              Type           Power      Damage    Failure   Level
a - Sandblast             Erth           54%        2d13      1%          1
b - Stone Arrow           Conj/Erth      46%        3d9       4%          3

Your spell library contained the following spells:

 Spells                   Type           Power      Damage    Failure   Level
 Passwall                 Tmut/Erth      14%        N/A       4%          2
 Sting                    Tmut/Pois      20%        1d4       12%         1
 Animate Skeleton         Necr           8%         N/A       14%         1
 Pain                     Necr           16%        1d4       14%         1
 Corpse Rot               Necr/Air       8%         N/A       21%         2
 Petrify                  Tmut/Erth      17%        N/A       30%         4
 Excruciating Wounds      Necr           2%         N/A       98%         5


Dungeon Overview and Level Annotations

Branches:
Dungeon (5/15)
 Temple: D:4-7

Altars:
Elyvilon

Shops:
D:2 *


Innate Abilities, Weirdness & Mutations

You are immune to sickness and miasma.
Your stone body is resilient. (AC +4)
You are immune to poison.
You resist negative energy. (rN+)
You are resistant to electric shocks. (rElec)
You are resistant to unholy torment.
You are immune to petrification.


Message History

The ball of steam misses you.
The ball of steam hits the fungus!
The fungus begins to die.
The fungus is engulfed in a cloud of scalding steam.
The steam dragon bites you but does no damage.
The steam dragon claws you.
Casting: Stone Arrow (dangerous; 4% risk of failure)
Confirm with . or Enter, or press ? or * to list all spells.
You don't have enough magic to cast this spell.
Unknown command.
Unknown command.
The fungus is engulfed in a cloud of scalding steam.
The steam dragon closely misses you.
The steam dragon claws you but does no damage.
A nearby fungus withers and dies.
The steam dragon breathes steam at you. The ball of steam hits you!
* * * LOW HITPOINT WARNING * * *
The ball of steam hits the fungus!
The fungus begins to die.
The ball of steam hits the fungus!
The fungus begins to die.
The fungus is engulfed in a cloud of scalding steam. x2
You feel much better.
You are engulfed in a cloud of scalding steam.
The fungus is engulfed in a cloud of scalding steam.
You barely miss the steam dragon.
The steam dragon is severely wounded.
You are engulfed in a cloud of scalding steam.
* * * LOW HITPOINT WARNING * * *
The steam dragon bites you but does no damage.
The steam dragon claws you.
* * * LOW HITPOINT WARNING * * *
The steam dragon misses you. The steam dragon barely misses you.
You feel much better. The steam dragon breathes steam at you.
The ball of steam hits you!
* * * LOW HITPOINT WARNING * * *
Okay, then.
A nearby fungus withers and dies. x2
The fungus is engulfed in a cloud of scalding steam.
The fungus begins to die.
The steam dragon bites you!
You die...

.# ##.## .# #..# .#
##.####### ## .# #.##....#
.. ## ######.##.##.###.#
##≈..##..#.##.....# ######
##.≈...##...########
≈P.≈.#########.≈...≈≈#.###
.....≈≈§≈.≈.....@....#.#
≈P.≈≈......).§.D§§§§§#.#
^#######P≈.≈≈P.P...≈##..
## #######≈PP.≈^#..#
###P.###... #### ..#


You could see a steam dragon (catching breath).

Vanquished Creatures
  A steam dragon (D:5)
  2 black bears (D:4)
  A howler monkey (D:5)
  A jelly (D:4)
  2 iguanas
  Natasha (twice) (D:4)
  A scorpion zombie (D:5)
  A hound skeleton (D:4)
  7 gnolls
  4 adders
  A white imp (D:3)
  2 worms
  8 dart slugs
  2 orcs
  5 bats
  5 endoplasms
  3 giant cockroaches
  10 goblins
  4 hobgoblins
  16 jackals
  4 kobolds
  4 quokkas
  10 ball pythons
  4 frilled lizards
  5 rats
105 creatures vanquished.

Vanquished Creatures (others)
  3 fungi (D:5)
  2 plants (D:1)
5 creatures vanquished.

Grand Total: 110 creatures vanquished

Notes
Turn   | Place    | Note
-------+----------+-------------------------------------------
     0 | D:1      | Cykl0x the Gargoyle Earth Elementalist began the quest for
                  | the Orb.
     0 | D:1      | Reached XP level 1. HP: 10/10 MP: 3/3
   294 | D:1      | Found a faded altar of an unknown god.
   302 | D:1      | Reached XP level 2. HP: 15/15 MP: 0/5
   305 | D:1      | Got Plato's Handbook of Toxins
   575 | D:1      | Reached skill level 4 in Earth Magic
   714 | D:1      | Reached skill level 1 in Conjurations
   714 | D:1      | Reached XP level 3. HP: 19/19 MP: 1/6
   718 | D:1      | Learned a level 3 spell: Stone Arrow
  1626 | D:2      | Reached XP level 4. HP: 22/24 MP: 1/8
  2246 | D:2      | Found Widamob's General Store.
  2402 | D:3      | Reached XP level 5. HP: 22/28 MP: 6/9
  2741 | D:3      | HP: 1/28 [white imp/puff of frost (11)]
  3744 | D:3      | Found a white marble altar of Elyvilon.
  4118 | D:4      | Noticed Natasha
  4125 | D:4      | Killed Natasha
  4126 | D:4      | Reached skill level 5 in Earth Magic
  4447 | D:4      | Noticed Natasha
  4451 | D:4      | Killed Natasha
  4452 | D:4      | Reached XP level 6. HP: 32/32 MP: 4/11
  4578 | D:4      | Noticed a black bear
  4581 | D:4      | Killed a black bear
  4942 | D:4      | Noticed a black bear
  4948 | D:4      | Killed a black bear
  4949 | D:4      | Reached skill level 1 in Maces & Flails
  4949 | D:4      | Reached XP level 7. HP: 36/36 MP: 7/13
  5255 | D:5      | Entered Level 5 of the Dungeon
  5264 | D:5      | Got the Compendium of Stolen Souls
  5270 | D:5      | Reached skill level 6 in Earth Magic
  5832 | D:5      | Noticed a steam dragon
  5837 | D:5      | Noticed a steam dragon
  5838 | D:5      | Killed a steam dragon
  5848 | D:5      | HP: 1/37 [steam dragon (1)]
  5850 | D:5      | Mangled by a steam dragon

Illustrated notes

Levels and vault maps discovered:
D:1:      dpeg_arrival_signposts, layout_basic,
          shapermc_ecumenical_altar_rom_forum, serial_bayou_ford_a
D:2:      layout_rooms, serial_shops, nicolae_lakefront_shop, minmay_domino_2
D:3:      layout_basic, elyvilon_altar_3
D:4:      kennysheep_big_flooded_room, layout_rooms, uniq_natasha
D:5:      kennysheep_steamy, layout_basic, uniq_edmund

Skill      XL: |  1  2  3  4  5  6  7 |
---------------+----------------------+-----
Earth Magic    | 4 5 6 |  6.4
Conjurations   | 1 2 3 4 |  4.1
Dodging        | 2 |  2.3
Spellcasting   | 3 4 |  4.7
Maces & Flails | 1 |  1.3
Fighting       | |  0.5
Stealth        | |  2.1
Unarmed Combat | |  0.2
Transmutations | |  0.7

Action                   |  1- 3 |  4- 6 |  7- 9 || total
-------------------------+-------+-------+-------++-------
Melee: Unarmed           |    19 |       |       ||    19
       Club              |     4 |     1 |       ||     5
       Mace              |       |    23 |    10 ||    33
       Whip              |       |     1 |       ||     1
       Punch             |       |     1 |       ||     1
       Quarterstaff      |       |       |     1 ||     1
 Cast: Sandblast         |    38 |    32 |    14 ||    84
       Stone Arrow       |     8 |    45 |    15 ||    68
  Use: Scroll            |     1 |     1 |     5 ||     7
       Potion            |       |       |     2 ||     2
Armor: Robe              |    10 |    18 |     5 ||    33
Dodge: Dodged            |    24 |    30 |    13 ||    67
